[Event "Titled Tuesday Blitz January 17 Early 2023"]
[White "Bychkov, Vladimir"]
[Black "Fiorito, Francisco"]
[WhiteFideId "24151513"]
[BlackFideId "180165"]
[WhiteElo "2225"]
[BlackElo "2305"]
[Result "1-0"]
[Round "07"]
[TimeControl "180+2"]
[Date "2023.01.17"]
[WhiteClock "0:00:09"]
[BlackClock "0:00:01"]

1. d4 Nf6 2. c4 g6 3. Nc3 d5 4. Nf3 Bg7 5. Bf4 c6 6. e3 O-O 7. Be2 dxc4 8. Bxc4 b5 9. Bb3 Bb7 10. O-O a6 11. a4 Nbd7 12. Qe2 e6 13. Rfd1 Re8 14. Ne5 Qb6 15. a5 Qa7 16. Nxd7 Nxd7 17. Ne4 c5 18. Nd6 Red8 19. Bg5 Rdb8 20. Nxf7 Kxf7 21. Bxe6+ Kxe6 22. Qg4+ Kf7 23. Qxd7+ Kg8 24. d5 Re8 25. f3 Qb8 26. e4 Qc8 27. Qd6 c4 28. Rd2 Rb8 29. Bf4 Ra8 30. e5 Qf5 31. e6 Bf8 32. Qc7 Bb4 33. Re2 Re7 34. Qe5 Qxe5 35. Rxe5 Bd6 36. Rae1 Bxe5 37. Rxe5 Rd8 38. Bg5 Rxd5 39. Rxd5 Bxd5 40. Bxe7 Bxe6 41. Kf2 Kf7 42. Bg5 Bd5 43. Ke3 Ke6 44. Kd4 Kd6 45. Bf4+ Kc6 46. Ke5 b4 47. Kd4 Bf7 48. Bd2 Kb5 49. g4 c3 50. bxc3 b3 51. Bc1 Kxa5 52. Kc5 Ka4 53. Bb2 Be6 54. c4 a5 55. h4 1-0


[Site "https://www.chess.com"]

[Event "Titled Tuesday Blitz January 17 Early 2023"]
[White "Silva, Pedro Gil Ferreira Da"]
[Black "Melian, Juan Sebastian"]
[WhiteFideId "1946102"]
[BlackFideId "3706575"]
[WhiteElo "2227"]
[BlackElo "2293"]
[Result "0-1"]
[Round "07"]
[TimeControl "180+2"]
[Date "2023.01.17"]
[WhiteClock "0:00:20"]
[BlackClock "0:00:30"]

1. c4 Nf6 2. Nf3 e6 3. g3 d5 4. Bg2 Be7 5. O-O O-O 6. b3 c5 7. Bb2 Nc6 8. e3 d4 9. exd4 cxd4 10. Qe2 Bc5 11. d3 Re8 12. a3 a5 13. Nbd2 e5 14. Ng5 Bf5 15. Nge4 Bf8 16. Nxf6+ Qxf6 17. Ne4 Qd8 18. Rfe1 h6 19. c5 Bh7 20. Rac1 f5 21. Nd6 Bxd6 22. cxd6 Qxd6 23. Qc2 e4 24. dxe4 fxe4 25. Bxe4 Bxe4 26. Rxe4 Rxe4 27. Qxe4 Rd8 28. Rd1 Qf6 29. h4 Qf7 30. b4 axb4 31. axb4 Qb3 32. Rd2 Qxb4 33. Qe6+ Kh8 34. Qf7 Qxd2 0-1


[Site "https://www.chess.com"]

[Event "Titled Tuesday Blitz January 17 Early 2023"]
[White "Schekachikhin, Maksim"]
[Black "Sargissyan, Sargis"]
[WhiteFideId "24177830"]
[BlackFideId "13303210"]
[WhiteElo "2371"]
[BlackElo "2234"]
[Result "1-0"]
[Round "07"]
[TimeControl "180+2"]
[Date "2023.01.17"]
[WhiteClock "0:00:57"]
[BlackClock "0:00:02"]

1. b3 Nf6 2. Bb2 g6 3. g3 Bg7 4. Bg2 O-O 5. Nf3 c5 6. O-O Nc6 7. c4 d6 8. d4 Ne4 9. Nbd2 Bf5 10. e3 Nxd2 11. Qxd2 Be4 12. d5 Bxb2 13. Qxb2 Na5 14. Nd2 Bxg2 15. Kxg2 e5 16. dxe6 fxe6 17. Ne4 Qe7 18. Rad1 Rad8 19. h4 d5 20. Ng5 Nc6 21. Qe2 d4 22. exd4 Nxd4 23. Qe4 Kg7 24. Rfe1 Rf6 25. Rxd4 Rxd4 26. Nxe6+ Rxe6 27. Qxe6 Qxe6 28. Rxe6 Kf7 29. Re2 Rd3 30. Kh3 h5 31. Kg2 b6 32. Rc2 Kf6 33. Kf1 Rd1+ 34. Ke2 Ra1 35. Ke3 Ke5 36. Re2 a5 37. f3 Rd1 38. g4 Rh1 39. Kf2+ Kd6 40. Kg3 a4 41. bxa4 Rc1 42. Re4 Rh1 43. Rf4 Ke6 44. g5 Ke7 45. Rf6 Rg1+ 46. Kf2 Rh1 47. Kg3 Rg1+ 48. Kh2 Rc1 49. Rxg6 Rxc4 50. Kg3 Rxa4 51. Rxb6 Rxa2 52. g6 Kf8 53. Kf4 Kg7 54. Kg5 c4 55. Rb7+ Kg8 56. Kh6 Ra8 57. Rg7+ Kh8 58. Rc7 1-0


[Site "https://www.chess.com"]

[Event "Titled Tuesday Blitz January 17 Early 2023"]
[White "Goldin, Alexander"]
[Black "Ovezdurdyyeva, Jemal"]
[WhiteFideId "2019540"]
[BlackFideId "14001888"]
[WhiteElo "2542"]
[BlackElo "2078"]
[Result "1-0"]
[Round "07"]
[TimeControl "180+2"]
[Date "2023.01.17"]
[WhiteClock "0:00:15"]
[BlackClock "0:00:07"]

1. Nf3 Nf6 2. g3 d5 3. Bg2 e6 4. O-O Be7 5. c4 c6 6. d4 Ne4 7. b3 f5 8. Qc2 Nd7 9. a4 g5 10. Ba3 g4 11. Ne1 h5 12. Nd3 h4 13. Nf4 Bxa3 14. Rxa3 Ndf6 15. Nd2 hxg3 16. fxg3 Qc7 17. Nxe4 dxe4 18. Qc3 Qh7 19. Kf2 Qf7 20. Rh1 Bd7 21. a5 a6 22. b4 Rd8 23. e3 O-O 24. Bf1 Nh5 25. Be2 Nxf4 26. exf4 Qf6 27. Ke3 Rf7 28. Raa1 Be8 29. h3 gxh3 30. Rxh3 Rg7 31. Rah1 Kf7 32. Rh7 Bd7 33. R1h6 Rxh7 34. Rxf6+ Kxf6 35. d5+ Kf7 36. Qe5 cxd5 37. cxd5 exd5 38. Qxd5+ Kg7 39. Qxb7 Rh3 40. Qxa6 Rxg3+ 41. Kf2 Rc3 42. Qa7 e3+ 43. Kg3 Kf6 44. Qd4+ Ke7 45. Qxc3 Rg8+ 46. Kf3 1-0


[Site "https://www.chess.com"]

[Event "Titled Tuesday Blitz January 17 Early 2023"]
[White "Hoffmann, Asa"]
[Black "Turzo, Attila"]
[WhiteFideId "2001470"]
[BlackFideId "704954"]
[WhiteElo "2185"]
[BlackElo "2279"]
[Result "0-1"]
[Round "07"]
[TimeControl "180+2"]
[Date "2023.01.17"]
[WhiteClock "0:00:19"]
[BlackClock "0:00:26"]

1. d4 Nf6 2. Bg5 Ne4 3. Bf4 d5 4. f3 Nf6 5. e4 dxe4 6. Nc3 exf3 7. Nxf3 c6 8. Bc4 Bf5 9. Qe2 e6 10. Ne5 Qxd4 11. Rf1 Bb4 12. Bd2 Bxc3 13. Bxc3 Qe4 14. Qxe4 Bxe4 15. O-O-O Bd5 16. Bd3 O-O 17. g4 Nbd7 18. g5 Nxe5 19. gxf6 Nxd3+ 20. Rxd3 g6 21. h4 h5 22. Bb4 Rfc8 23. b3 c5 24. Bd2 c4 25. Rg3 cxb3 26. axb3 Be4 27. c3 a5 28. Kb2 b5 29. Ra1 a4 30. b4 Rc4 31. Re3 Rd8 32. Be1 Bf5 33. Rc1 Kf8 34. Re5 Rd5 35. Rxd5 exd5 36. Bf2 Rf4 37. Bc5+ Ke8 38. Re1+ Be4 39. Rg1 Rxf6 40. Rg5 Rf2+ 41. Ka1 Rf1+ 42. Kb2 Bf5 43. Rg3 Rf4 44. Re3+ Re4 45. Rxe4+ Bxe4 46. Bd4 Ke7 0-1


[Site "https://www.chess.com"]

[Event "Titled Tuesday Blitz January 17 Early 2023"]
[White "Kamalidenova, Meruert"]
[Black "I_KID_you_not"]
[WhiteFideId "13712802"]
[WhiteElo "2350"]
[BlackElo "2332"]
[Result "1-0"]
[Round "07"]
[TimeControl "180+2"]
[Date "2023.01.17"]
[WhiteClock "0:01:20"]
[BlackClock "0:00:19"]

1. e4 e6 2. d4 d5 3. Nd2 Nc6 4. Ngf3 Nf6 5. e5 Nd7 6. Bd3 f6 7. exf6 Qxf6 8. c3 Bd6 9. Nf1 Nb6 10. Ng3 g6 11. O-O Bd7 12. Bg5 Qf7 13. a4 a6 14. a5 Nc8 15. Bh6 N8e7 16. c4 Nf5 17. Nxf5 gxf5 18. cxd5 exd5 19. Re1+ Be7 20. Bg5 O-O-O 21. Bxe7 Nxe7 22. Ne5 Qg7 23. Rc1 Ng6 24. Nxd7 Rxd7 25. Bxf5 Kd8 26. Bxd7 Kxd7 27. Qg4+ Kd8 28. Re6 Rg8 29. g3 h5 30. Qxh5 Kc8 31. Re3 Kb8 32. Qxd5 Nf4 33. Qf5 Qxd4 34. Re7 Nd3 35. Rcxc7 Qf4 1-0


[Site "https://www.chess.com"]

[Event "Titled Tuesday Blitz January 17 Early 2023"]
[White "Md, Imran"]
[Black "Alfaro, William"]
[WhiteFideId "25748580"]
[BlackFideId "6100457"]
[WhiteElo "2284"]
[BlackElo "2134"]
[Result "1-0"]
[Round "07"]
[TimeControl "180+2"]
[Date "2023.01.17"]
[WhiteClock "0:00:59"]
[BlackClock "0:00:04"]

1. e4 c5 2. Nf3 Nc6 3. Bb5 e6 4. O-O Nge7 5. Re1 d6 6. c3 a6 7. Bf1 e5 8. h3 Ng6 9. d4 cxd4 10. cxd4 Be7 11. Nc3 O-O 12. d5 Nb8 13. b4 f5 14. exf5 Bxf5 15. Bd3 Nd7 16. Bxf5 Rxf5 17. Be3 Qf8 18. Nd2 Bg5 19. Nde4 Bxe3 20. fxe3 Qe7 21. Qe2 Raf8 22. Rf1 Nh4 23. a4 Nf6 24. Rxf5 Nxf5 25. Rf1 Nxe4 26. Nxe4 Qh4 27. g4 Ne7 28. Rxf8+ Kxf8 29. Qf3+ Kg8 30. Nxd6 Qe1+ 31. Kg2 Qd2+ 32. Kg3 Qe1+ 33. Qf2 Qxf2+ 34. Kxf2 Nxd5 35. a5 Nxb4 36. Nxb7 Nc6 37. Kf3 Kf7 38. Ke4 Ke6 39. Kd3 Kd7 40. Kc4 Kc7 41. Nc5 Nxa5+ 42. Kd5 Nc6 43. Nxa6+ Kb6 44. Nc5 Nb4+ 45. Kd6 Nc2 46. e4 Nd4 47. Ne6 Nf3 48. Nxg7 Ng5 49. h4 Nxe4+ 50. Kxe5 Nf2 51. g5 Kc6 52. h5 Kd7 53. Kf6 Ne4+ 54. Kf5 Nd6+ 55. Ke5 Nf7+ 56. Kf6 Nd6 57. g6 Ne4+ 58. Kf5 Nd6+ 59. Kf6 Ne4+ 60. Ke5 hxg6 61. h6 Ng5 62. Kf6 Nh7+ 63. Kxg6 Nf8+ 64. Kf7 Nh7 65. Nh5 Ng5+ 66. Kf6 Nh7+ 67. Kg7 Nf8 68. Kxf8 1-0


[Site "https://www.chess.com"]

[Event "Titled Tuesday Blitz January 17 Early 2023"]
[White "Skurikhin, Dmitrij"]
[Black "Martin Carmona, Gaston Manuel"]
[WhiteFideId "4161297"]
[BlackFideId "22284567"]
[WhiteElo "2297"]
[BlackElo "2333"]
[Result "1-0"]
[Round "07"]
[TimeControl "180+2"]
[Date "2023.01.17"]
[WhiteClock "0:00:33"]
[BlackClock "0:01:03"]

1. d4 Nf6 2. Nf3 g6 3. c4 Bg7 4. Nc3 O-O 5. e4 d6 6. Be2 e5 7. O-O Nc6 8. d5 Ne7 9. Nd2 Nd7 10. b4 a5 11. bxa5 f5 12. f3 Rxa5 13. Nb3 Ra8 14. Be3 b6 15. a4 f4 16. Bf2 Nc5 17. a5 Nxb3 18. Qxb3 Rxa5 19. Rxa5 bxa5 20. Ra1 g5 21. Rxa5 g4 22. Ra8 gxf3 23. Bxf3 Qe8 24. Nb5 Qg6 25. Nxc7 Bg4 26. Rxf8+ Bxf8 27. Qd1 Bxf3 28. Qxf3 Kf7 29. Ne6 Ng8 30. c5 dxc5 31. Nxf8 Kxf8 32. Bxc5+ Kf7 33. h3 Nf6 34. d6 Ke8 35. Qb3 Nxe4 36. Qb5+ Kf7 37. Qd7+ Kf6 38. Qe7+ Kf5 39. d7 f3 40. g4+ Kf4 41. d8=Q Qa6 42. Qdf8+ Kg3 43. Qxe5+ Kxh3 44. Qxf3+ 1-0


[Site "https://www.chess.com"]

[Event "Titled Tuesday Blitz January 17 Early 2023"]
[White "Thomas, Anysia"]
[Black "Ibadov, Dashgyn"]
[WhiteFideId "670472"]
[BlackFideId "24107514"]
[WhiteElo "2147"]
[BlackElo "2391"]
[Result "0-1"]
[Round "07"]
[TimeControl "180+2"]
[Date "2023.01.17"]
[WhiteClock "0:00:04"]
[BlackClock "0:00:17"]

1. d4 Nf6 2. c4 e6 3. Nf3 d5 4. g3 c6 5. Bg2 Be7 6. O-O O-O 7. Qc2 b6 8. Nbd2 Bb7 9. e4 Na6 10. a3 c5 11. e5 Nd7 12. cxd5 Bxd5 13. Re1 cxd4 14. Nxd4 Bxg2 15. Kxg2 Nxe5 16. Nxe6 fxe6 17. Rxe5 Qd4 18. Re3 Rac8 19. Qe4 Qxe4+ 20. Nxe4 Rc2 21. b4 Rfc8 22. Re1 Nc7 23. Bg5 Bxg5 24. Nxg5 Rf8 25. Rf1 h6 26. Ne4 Nd5 27. Rae1 Ra2 28. Nd6 Rxa3 29. Rxe6 Nxb4 30. Rfe1 Ra2 31. R1e2 Rxe2 32. Rxe2 a5 33. Nc4 a4 34. Nxb6 a3 35. Re1 Rxf2+ 36. Kxf2 Nd3+ 37. Ke2 Nxe1 0-1


[Site "https://www.chess.com"]

[Event "Titled Tuesday Blitz January 17 Early 2023"]
[White "Ruiz Castillo, Joshua Daniel"]
[Black "Rios Escobar, Adan"]
[WhiteFideId "4400704"]
[BlackFideId "3403645"]
[WhiteElo "2459"]
[BlackElo "2234"]
[Result "0-1"]
[Round "07"]
[TimeControl "180+2"]
[Date "2023.01.17"]
[WhiteClock "0:00:15"]
[BlackClock "0:00:08"]

1. Nf3 Nf6 2. g3 g6 3. Bg2 Bg7 4. O-O c5 5. d4 cxd4 6. Nxd4 O-O 7. c4 Nc6 8. Nc3 Qa5 9. e3 d6 10. Nxc6 bxc6 11. Bxc6 Rb8 12. Qa4 Qh5 13. Bg2 Bh3 14. f3 Bxg2 15. Kxg2 Rfc8 16. Rf2 Rb7 17. b3 d5 18. Qa6 Rcb8 19. Ba3 dxc4 20. Qxc4 e6 21. Rc1 g5 22. g4 Qg6 23. Bd6 Rd8 24. Bg3 h5 25. h3 Rbd7 26. Rcc2 Rd3 27. Rfe2 Rxe3 28. Nb5 Rdd3 29. Rxe3 Rxe3 30. Bf2 Nd5 31. Bg3 Rd3 32. Qc8+ Kh7 33. Re2 h4 34. Bh2 Rd1 35. Nd6 Qd3 36. Rf2 Ne3# 0-1


[Site "https://www.chess.com"]

[Event "Titled Tuesday Blitz January 17 Early 2023"]
[White "Kostenko, Petr"]
[Black "Gauri, Shankar"]
[WhiteFideId "13700669"]
[BlackFideId "5041350"]
[WhiteElo "2371"]
[BlackElo "2360"]
[Result "0-1"]
[Round "07"]
[TimeControl "180+2"]
[Date "2023.01.17"]
[WhiteClock "0:00:05"]
[BlackClock "0:00:06"]

1. c4 Nf6 2. g3 g6 3. Bg2 Bg7 4. Nc3 O-O 5. e4 c5 6. Nge2 d6 7. a3 Bg4 8. f3 Bd7 9. b4 Nc6 10. Rb1 b6 11. d3 Ne8 12. Be3 Nc7 13. Qd2 Nd4 14. Bh6 Bh3 15. O-O Bxg2 16. Kxg2 Nce6 17. Bxg7 Kxg7 18. f4 f5 19. Rbe1 Qd7 20. Nd5 Nxe2 21. Rxe2 Nd4 22. Re3 e6 23. Nc3 Rae8 24. bxc5 bxc5 25. Ne2 Rb8 26. Nxd4 cxd4 27. Re2 Rb3 28. exf5 exf5 29. Rfe1 Qc6+ 30. Kh3 Qf3 31. Re7+ Kh6 32. Qe2 Rxd3 33. Qxf3 Rxf3 34. Rxa7 Re3 35. Rb1 d3 36. Rbb7 Rh8 37. Rd7 Re2 38. Rxd6 d2 39. Rdd7 g5 40. fxg5+ Kxg5 41. c5 h5 42. c6 h4 43. Rg7+ Kf6 44. Raf7+ Ke6 45. Re7+ Kf6 46. Rgf7+ Kg6 47. Rg7+ Kh6 48. Rxe2 d1=Q 49. Rge7 Qf1+ 50. Kxh4 Kg6+ 0-1


[Site "https://www.chess.com"]

[Event "Titled Tuesday Blitz January 17 Early 2023"]
[White "Atakhan, Abtin"]
[Black "Jaskolka, Tomasz"]
[WhiteFideId "22502203"]
[BlackFideId "1170791"]
[WhiteElo "2422"]
[BlackElo "2238"]
[Result "0-1"]
[Round "07"]
[TimeControl "180+2"]
[Date "2023.01.17"]
[WhiteClock "0:00:05"]
[BlackClock "0:00:05"]

1. Nf3 d5 2. d4 Nc6 3. c4 e5 4. dxe5 d4 5. g3 Nge7 6. Bg2 Ng6 7. a3 a5 8. e3 Bc5 9. exd4 Nxd4 10. O-O Bg4 11. Nbd2 Qd7 12. Re1 O-O-O 13. b4 Nxf3+ 14. Bxf3 Bxf2+ 15. Kxf2 Qd4+ 16. Kg2 Bxf3+ 17. Qxf3 Qxa1 18. bxa5 Nxe5 19. Qf5+ Nd7 20. Qb5 Rde8 21. Rxe8+ Rxe8 22. a6 Qxc1 23. axb7+ Kb8 24. Qxd7 Qe1 25. c5 Qe2+ 26. Kh3 Qe6+ 27. Qxe6 Rxe6 28. Nb3 Kxb7 29. Nd4 Re4 30. Nf5 g6 31. Nh6 f5 32. Nf7 Ra4 33. Nd8+ Kc8 34. Ne6 Rxa3 35. Kh4 Re3 36. Nd4 Re4+ 37. Kg5 Rxd4 38. Kh6 Rd2 0-1


[Site "https://www.chess.com"]

[Event "Titled Tuesday Blitz January 17 Early 2023"]
[White "Bon, Michael"]
[Black "Williams, Simon K"]
[WhiteFideId "620696"]
[BlackFideId "404454"]
[WhiteElo "2394"]
[BlackElo "2465"]
[Result "0-1"]
[Round "07"]
[TimeControl "180+2"]
[Date "2023.01.17"]
[WhiteClock "0:00:02"]
[BlackClock "0:00:19"]

1. e4 c5 2. Nf3 d6 3. d4 cxd4 4. Nxd4 Nf6 5. Nc3 g6 6. Be3 a6 7. Bc4 Bg7 8. Qd2 Ng4 9. Bg5 Nc6 10. Nxc6 bxc6 11. h3 Ne5 12. Bb3 h6 13. Be3 Be6 14. O-O Nc4 15. Bxc4 Bxc4 16. Rfe1 Qa5 17. Bd4 e5 18. Be3 Rd8 19. b3 Be6 20. Na4 Qxd2 21. Bxd2 f5 22. Ba5 Rd7 23. Rad1 Bf8 24. c4 Kf7 25. c5 fxe4 26. Nb6 d5 27. Nxd7 Bxd7 28. b4 h5 29. Bc7 Bg7 30. f3 Bf5 31. fxe4 Bxe4 32. a4 Rc8 33. Bd6 Ke6 34. Re2 Bf5 35. Red2 d4 36. Kh2 h4 37. g4 hxg3+ 38. Kxg3 Bh6 39. Re2 Bf4+ 40. Kf3 Rh8 41. Rxd4 Rxh3+ 42. Kg2 Rh2+ 43. Kf1 Rxe2 44. Rxf4 exf4 45. Kxe2 g5 46. Kf3 Bc2 47. b5 axb5 48. axb5 cxb5 49. Bc7 Kf5 50. Ba5 Be4+ 51. Kf2 g4 52. Bc3 g3+ 0-1


[Site "https://www.chess.com"]

[Event "Titled Tuesday Blitz January 17 Early 2023"]
[White "Sourath Biswas"]
[Black "Buscar, Michael"]
[WhiteFideId "35091484"]
[BlackFideId "2603616"]
[WhiteElo "2281"]
[BlackElo "2041"]
[Result "1/2-1/2"]
[Round "07"]
[TimeControl "180+2"]
[Date "2023.01.17"]
[WhiteClock "0:00:06"]
[BlackClock "0:00:09"]

1. d4 d5 2. Bf4 Nf6 3. e3 e6 4. Nf3 Bd6 5. c3 O-O 6. Nbd2 Nbd7 7. Bd3 Bxf4 8. exf4 c5 9. g3 b6 10. Qe2 Bb7 11. h4 Qc7 12. h5 a6 13. h6 g6 14. Ne5 b5 15. Nxd7 Nxd7 16. Nf3 b4 17. O-O a5 18. a3 Qd6 19. Bb5 Ba6 20. Bxa6 Qxa6 21. Qxa6 Rxa6 22. axb4 cxb4 23. cxb4 a4 24. Ne1 Nb6 25. Nd3 Rfa8 26. Rfc1 Nc4 27. Nc5 R6a7 28. Rc2 Kf8 29. Ra2 Ke7 30. Rc1 Kf6 31. Rca1 Nb6 32. b3 a3 33. Na4 Nxa4 34. Rxa3 Rb8 35. Rxa4 Rab7 36. Rd1 Rxb4 37. Rxb4 Rxb4 38. Rd3 g5 39. fxg5+ Kxg5 40. Kg2 Kxh6 41. Kf3 Kg5 42. Ke3 Kf5 43. Kd2 h5 44. Kc3 Rb7 45. Rf3+ Kg5 46. b4 f6 47. Kb3 e5 48. dxe5 fxe5 49. Rd3 d4 50. Kc4 h4 51. gxh4+ Kxh4 52. b5 Kg4 53. Kc5 Kf4 54. Kc6 Rh7 55. b6 Ke4 56. Rd2 Rh6+ 57. Kb7 Kd5 58. Ka7 Kc4 59. b7 Rh7 60. Ka8 Rxb7 61. Kxb7 Kc3 62. Rd1 e4 63. Kc6 e3 64. fxe3 dxe3 65. Re1 Kd2 66. Rh1 e2 67. Kd5 e1=Q 68. Rxe1 Kxe1 1/2-1/2


[Site "https://www.chess.com"]

[Event "Titled Tuesday Blitz January 17 Early 2023"]
[White "Fernandez Garcia, Gumersindo"]
[Black "Miszler, Levente"]
[WhiteFideId "24516740"]
[BlackFideId "763276"]
[WhiteElo "2160"]
[BlackElo "2271"]
[Result "1-0"]
[Round "07"]
[TimeControl "180+2"]
[Date "2023.01.17"]
[WhiteClock "0:00:44"]
[BlackClock "0:00:49"]

1. e4 e6 2. d4 d5 3. Bd3 Qe7 4. Ne2 e5 5. dxe5 dxe4 6. Bxe4 Qxe5 7. Bf3 Nf6 8. Nc3 Bd6 9. Bf4 Qe7 10. Bxd6 Qxd6 11. Qxd6 cxd6 12. O-O-O Ke7 13. Nb5 Nc6 14. Nxd6 Be6 15. Nxb7 Nb4 16. a3 Nbd5 17. Nc5 Rac8 18. Nxe6 fxe6 19. Rhe1 Rc5 20. Nd4 Rhc8 21. Rxe6+ Kf7 22. Ree1 Nf4 23. Kb1 g5 24. c3 g4 25. Bb7 Rb8 26. Be4 Rxc3 27. Nc6 Rb6 28. Ne5+ Kg7 29. g3 Nxe4 30. Rxe4 Nd3 31. Nxd3 1-0


[Site "https://www.chess.com"]

[Event "Titled Tuesday Blitz January 17 Early 2023"]
[White "Forgacs, Attila Jr."]
[Black "Iskusnyh, Sergei"]
[WhiteFideId "773654"]
[BlackFideId "4120027"]
[WhiteElo "2264"]
[BlackElo "2440"]
[Result "0-1"]
[Round "07"]
[TimeControl "180+2"]
[Date "2023.01.17"]
[WhiteClock "0:00:07"]
[BlackClock "0:00:16"]

1. e4 e6 2. d4 d5 3. Nc3 Nf6 4. e5 Nfd7 5. f4 c5 6. Nf3 Be7 7. Be3 O-O 8. Qd2 a6 9. Nd1 cxd4 10. Nxd4 Nc6 11. c3 Nc5 12. Nf2 Qc7 13. Be2 b5 14. O-O Bb7 15. b4 Ne4 16. Nxe4 dxe4 17. Nxc6 Qxc6 18. f5 Rad8 19. Qe1 exf5 20. Rxf5 Bc8 21. Rh5 g6 22. Rh6 Rfe8 23. Bd4 Bf8 24. Rh4 Bg7 25. Qg3 Bf5 26. Rf1 Qe6 27. Bg4 Bxg4 28. Qxg4 Bxe5 29. Qxe6 Bxd4+ 30. cxd4 Rxe6 31. Rd1 f5 32. Rh3 Red6 33. Rc3 Rxd4 34. Rdc1 Rd1+ 35. Kf2 Rxc1 36. Rxc1 Rd2+ 37. Kg3 Rxa2 38. Rc8+ Kg7 39. Rc7+ Kh6 40. h4 Rb2 41. Kf4 Rxb4 42. g4 e3+ 43. Ke5 Rxg4 44. Kf6 Re4 45. Rc1 e2 46. h5 Kxh5 47. Rc3 e1=Q 48. Rh3+ Kg4 49. Re3 Qxe3 50. Kg7 Qb6 51. Kh6 Qe3+ 52. Kg7 Re7+ 53. Kf6 Qe5# 0-1


[Site "https://www.chess.com"]

[Event "Titled Tuesday Blitz January 17 Early 2023"]
[White "Gutkin, Ilya"]
[Black "Hamley, Ryan"]
[WhiteFideId "16203470"]
[BlackFideId "30959497"]
[WhiteElo "2273"]
[BlackElo "2092"]
[Result "0-1"]
[Round "07"]
[TimeControl "180+2"]
[Date "2023.01.17"]
[WhiteClock "0:00:03"]
[BlackClock "0:01:58"]

1. e4 e5 2. Nf3 Nc6 3. Bb5 a6 4. Bxc6 dxc6 5. Nc3 Bd6 6. d4 exd4 7. Qxd4 f6 8. Be3 Qe7 9. O-O-O Nh6 10. Bxh6 gxh6 11. Qd2 h5 12. Nh4 Be6 13. Nf5 Bxf5 14. exf5 O-O-O 15. Rhe1 Qg7 16. Qe3 Kb8 17. g3 Qg4 18. Qe4 Qg5+ 19. f4 Qg4 20. a3 h4 21. Rd3 hxg3 22. hxg3 h5 23. Kb1 h4 24. gxh4 Rxh4 25. Rf1 Rh5 26. Qe2 Qxe2 27. Nxe2 Rxf5 28. Ng3 Rd5 29. Nh5 Rxh5 30. f5 Re8 31. Rd2 Be5 32. Rg2 Rh2 33. Rxh2 Bxh2 34. Rh1 Be5 35. Rh7 Rg8 36. c3 Rg5 37. Rh8+ Ka7 0-1


[Site "https://www.chess.com"]

[Event "Titled Tuesday Blitz January 17 Early 2023"]
[White "Melikhov, Evgeny V."]
[Black "Osmak, Yuliia"]
[WhiteFideId "4122046"]
[BlackFideId "14101602"]
[WhiteElo "2269"]
[BlackElo "2440"]
[Result "0-1"]
[Round "07"]
[TimeControl "180+2"]
[Date "2023.01.17"]
[WhiteClock "0:00:07"]
[BlackClock "0:00:11"]

1. d4 d6 2. e4 Nf6 3. Bd3 e5 4. d5 Be7 5. c4 O-O 6. Nc3 c6 7. h3 Na6 8. Nf3 Nc5 9. Bc2 a5 10. O-O Bd7 11. Be3 cxd5 12. cxd5 Rc8 13. a3 b5 14. b4 Nb3 15. Bxb3 Rxc3 16. Rc1 Nxe4 17. Rxc3 Nxc3 18. Qc2 axb4 19. axb4 Na4 20. Rc1 Qc8 21. Qc7 Qxc7 22. Rxc7 Rd8 23. Bg5 Bxg5 24. Nxg5 Be8 25. Ne4 Nb2 26. Rb7 f5 27. Ng5 Nd3 28. Ne6 Rd7 29. Rxb5 Ra7 30. Rb8 Kf7 31. g4 Ra1+ 32. Kg2 fxg4 33. hxg4 Rb1 34. Bc2 Ne1+ 35. Kg3 Nxc2 36. b5 Rb3+ 37. f3 Rxb5 38. Rc8 Nd4 39. Rc7+ Kf6 40. Nxg7 Bf7 41. g5+ Kg6 42. Ne6 Bxe6 43. dxe6 Nxe6 44. Re7 Nxg5 45. Rd7 d5 46. Rd6+ Kf5 0-1


[Site "https://www.chess.com"]

[Event "Titled Tuesday Blitz January 17 Early 2023"]
[White "Houska, Jovanka"]
[Black "Le Ruyet, Leopold"]
[WhiteFideId "405094"]
[BlackFideId "645923"]
[WhiteElo "2338"]
[BlackElo "2245"]
[Result "0-1"]
[Round "07"]
[TimeControl "180+2"]
[Date "2023.01.17"]
[WhiteClock "0:00:01"]
[BlackClock "0:00:17"]

1. d4 Nf6 2. Nf3 g6 3. Nbd2 Bg7 4. e4 O-O 5. e5 Nd5 6. c4 Nb6 7. Ne4 d6 8. exd6 cxd6 9. d5 a5 10. Be2 Na6 11. O-O a4 12. a3 Bg4 13. h3 Bxf3 14. Bxf3 Nxc4 15. Qxa4 Nxb2 16. Qb3 Nd3 17. Rb1 Nac5 18. Nxc5 Nxc5 19. Qc4 Qd7 20. Be3 Rfc8 21. Bxc5 Rxc5 22. Qb3 b5 23. Rfc1 Rac8 24. Rxc5 Rxc5 25. Be2 Bd4 26. Bxb5 Qf5 27. Rf1 Rxd5 28. Bd3 Qg5 29. Bc4 Rf5 30. a4 Qd2 31. Qg3 Be5 32. Qd3 Qb2 33. g4 Rf4 34. a5 Bd4 35. a6 Rxf2 36. Qxd4 Rxf1+ 0-1


[Site "https://www.chess.com"]

[Event "Titled Tuesday Blitz January 17 Early 2023"]
[White "Kalajzic, Ivan"]
[Black "Salman, Pavel"]
[WhiteFideId "14506378"]
[BlackFideId "24153753"]
[WhiteElo "2062"]
[BlackElo "2287"]
[Result "0-1"]
[Round "07"]
[TimeControl "180+2"]
[Date "2023.01.17"]
[WhiteClock "0:00:04"]
[BlackClock "0:01:06"]

1. c4 c5 2. Nc3 b6 3. e4 Bb7 4. g3 d6 5. Bg2 e6 6. d3 g6 7. Nge2 Bg7 8. O-O Ne7 9. Rb1 O-O 10. b4 cxb4 11. Rxb4 Nbc6 12. Rb1 Rc8 13. Ba3 Qd7 14. Nb5 Rfd8 15. Nxd6 Rc7 16. d4 Ba8 17. e5 Na5 18. Bxa8 Rxa8 19. c5 Nd5 20. Rc1 Bf8 21. Nc3 Nc4 22. Nxd5 exd5 23. Qf3 Qe6 24. Rxc4 dxc4 25. Qxa8 c3 26. Rc1 Qxa2 27. Qe8 Qxa3 28. Rc2 Qb3 29. Re2 bxc5 30. Ne4 Qd1+ 31. Kg2 Qxe2 32. Nf6+ Kg7 33. Qd8 Re7 0-1


[Site "https://www.chess.com"]

[Event "Titled Tuesday Blitz January 17 Early 2023"]
[White "TacticalSam94"]
[Black "Vovk, Orest"]
[BlackFideId "14113490"]
[WhiteElo "2382"]
[BlackElo "2315"]
[Result "1-0"]
[Round "07"]
[TimeControl "180+2"]
[Date "2023.01.17"]
[WhiteClock "0:00:13"]
[BlackClock "0:00:03"]

1. e4 g5 2. d4 g4 3. Qxg4 d5 4. Qd1 dxe4 5. Nc3 Nf6 6. Bg5 Nbd7 7. g3 h6 8. Bf4 c6 9. Bg2 Qb6 10. Rb1 Bg7 11. Nge2 Nd5 12. Nxe4 Nxf4 13. Nxf4 Qxd4 14. Qe2 Ne5 15. Nh5 O-O 16. Nxg7 Kxg7 17. O-O Bg4 18. Qe3 Qxe3 19. fxe3 Rad8 20. h3 Bh5 21. b3 Bg6 22. Rbd1 Bxe4 23. Bxe4 Rd6 24. Rd4 Rfd8 25. Rfd1 a5 26. Kf2 b6 27. g4 c5 28. Rd5 Rxd5 29. Rxd5 Rxd5 30. Bxd5 e6 31. Be4 Kf6 32. Kg3 Ke7 33. Kf4 f6 34. h4 Nf7 35. Bg6 Nd6 36. Bd3 e5+ 37. Kf3 Ke6 38. Bh7 Kd5 39. Bg8+ Kc6 40. a4 b5 41. axb5+ Kxb5 42. g5 fxg5 43. hxg5 hxg5 44. Kg4 c4 45. Kxg5 c3 46. Kf6 e4 47. Ke5 Kc5 48. Bd5 Nb5 49. Bxe4 Kb4 50. Bd3 Na7 51. Kd6 Nc8+ 52. Kd7 Nb6+ 53. Kc6 Nc8 54. e4 1-0


[Site "https://www.chess.com"]

[Event "Titled Tuesday Blitz January 17 Early 2023"]
[White "Balabayeva, Xeniya"]
[Black "Petrova, Irina"]
[WhiteFideId "13719688"]
[BlackFideId "14124122"]
[WhiteElo "2191"]
[BlackElo "2108"]
[Result "1-0"]
[Round "07"]
[TimeControl "180+2"]
[Date "2023.01.17"]
[WhiteClock "0:00:09"]
[BlackClock "0:00:10"]

1. d4 d6 2. c4 e5 3. d5 a5 4. Nc3 Be7 5. e4 Na6 6. Be3 Nf6 7. f3 O-O 8. Nge2 h6 9. Qd2 Nh7 10. g4 Bg5 11. Bxg5 Qxg5 12. h4 Qxd2+ 13. Kxd2 Nc5 14. Ke3 Bd7 15. Ng3 g6 16. Bh3 Kg7 17. Rag1 Kf6 18. Rg2 Ke7 19. Rhg1 g5 20. hxg5 hxg5 21. Nf5+ Bxf5 22. gxf5 f6 23. Bg4 Rf7 24. Rh2 Nf8 25. Rgh1 Nfd7 26. Nb5 c6 27. Nc7 Rg8 28. Ne6 cxd5 29. exd5 Nb6 30. Rc1 Rc8 31. b3 Nxe6 32. fxe6 Rg7 33. Rch1 Nd7 34. exd7 Rcg8 35. Be6 Rf8 36. Rh7 Rxh7 37. Rxh7+ Kd8 38. Ke4 b6 39. Kf5 Kc7 40. d8=Q+ Kxd8 41. Ra7 Ke8 42. Rb7 1-0


[Site "https://www.chess.com"]